 Dungeon Crawl Stone Soup version 0.25-a0-510-ge065f6de7d (webtiles) character file.

Game seed: 4961816762676669651, levelgen mode: deterministic

12100 Gargoyl the Schismatic (level 11, -3/91 HPs)
             Began as a Centaur Abyssal Knight on Feb 15, 2020.
             Was an Elder of Lugonu.
             Slain by a polar bear (14 damage)
             ... on level 11 of the Dungeon.
             The game lasted 00:24:38 (18107 turns).

Gargoyl the Schismatic (Centaur Abyssal Knight)    Turns: 18107, Time: 00:24:39

Health: -3/91      AC: 12    Str: 17    XL:     11   Next: 58%
Magic:  2/17       EV: 10    Int: 16    God:    Lugonu [****..]
Gold:   538        SH:  8    Dex: 10    Spells: 10/10 levels left

rFire    . . .     SeeInvis .   l - +1 whip (elec)
rCold    . . .     Gourm    .   C - +0 kite shield
rNeg     . . .     Faith    .   h - +3 leather armour
rPois    .         Spirit   .   o - +0 helmet {Int+3}
rElec    .         Reflect  .   G - +0 cloak
rCorr    +         Harm     .   d - +0 pair of gloves
MR       .....                  (no barding)
Stlth    ..........             (no amulet)
HPRegen  0.25/turn              e - ring of resist corrosion
MPRegen  0.15/turn              y - +2 ring of intelligence

@: very quick
A: large, hooves 3, deformed body, speed 2, tough skin 3
a: Depart the Abyss, Bend Space, Banish, Corrupt, Renounce Religion


You were on level 11 of the Dungeon.
You worshipped Lugonu.
Lugonu was greatly pleased with you.
You were not hungry.

You visited 1 branch of the dungeon, and saw 11 of its levels.
You visited the Abyss 1 time.
You also visited: Gauntlet.

You collected 578 gold pieces.
You spent 40 gold pieces at shops.

Inventory:

Hand Weapons
 a - a +1 hand axe
 l - a +1 whip of electrocution (weapon)
 p - a +0 broad axe
Missiles
 A - 18 boomerangs (quivered)
Armour
 d - a +0 pair of gloves (worn)
 h - a +3 leather armour (worn)
 o - a +0 helmet of intelligence (worn)
 C - a +0 kite shield (worn)
 G - a +0 cloak (worn)
Jewellery
 e - a ring of resist corrosion (left hand)
 y - a +2 ring of intelligence (right hand)
Wands
 m - a wand of flame (41)
 s - a wand of digging (6)
 x - a wand of iceblast (11)
 D - a wand of paralysis (9)
Scrolls
 b - 5 scrolls of remove curse
 f - 10 scrolls of identify
 g - a scroll of fog
 n - 5 scrolls of teleportation
 B - a scroll of magic mapping
Potions
 i - a potion of resistance
 j - 4 potions of curing
 k - a potion of magic
 q - 2 potions of haste
 r - 2 potions of invisibility
 t - a potion of agility
 u - a potion of brilliance {unknown}
 w - a potion of flight {unknown}
 z - 2 potions of lignification
 E - 3 potions of mutation {unknown}
Comestibles
 c - 19 rations


   Skills:
 + Level 6.7 Fighting
 + Level 3.1(5.9) Axes
 + Level 7.9(8.2) Maces & Flails
 + Level 0.5 Throwing
 * Level 6.8 Armour
 * Level 7.0 Dodging
 + Level 2.1 Shields
 * Level 8.6 Invocations


You had 10 spell levels left.
You didn't know any spells.
Your spell library contained the following spells:

 Spells                   Type           Power        Failure   Level  Hunger
 Beastly Appendage        Tmut           #.....       78%         1    ##.....
 Corona                   Hex            #......      78%         1    ##.....
 Ensorcelled Hibernation  Hex/Ice        #.....       89%         2    ###....
 Slow                     Hex            #.......     89%         2    ###....
 Sticks to Snakes         Tmut           #.......     89%         2    ###....
 Confusing Touch          Hex            #.......     98%         3    ####...
 Dazzling Flash           Conj/Hex       #.....       98%         3    ####...
 Inner Flame              Hex/Fire       #.......     98%         3    ####...
 Portal Projectile        Hex/Tloc       #.....       98%         3    ####...
 Spider Form              Tmut/Pois      #.........   98%         3    ####...
 Tukima's Dance           Hex            #.......     98%         3    ####...
 Cause Fear               Hex            #.........   100%        4    #####..
 Ice Form                 Ice/Tmut       #.......     100%        4    #####..
 Leda's Liquefaction      Hex/Erth       #.........   100%        4    #####..
 Blade Hands              Tmut           #.........   100%        5    ######.
 Silence                  Hex/Air        #.........   100%        5    ######.
 Yara's Violent Unravell  Hex/Tmut       #.........   100%        5    ######.
 Deflect Missiles         Chrm/Air       #.........   100%        6    #######
 Discord                  Hex            #.........   100%        8    #######


Dungeon Overview and Level Annotations

Branches:
Dungeon (11/15)            Temple (0/1) D:6            Lair (0/6) D:10
    Orc (0/2) D:11        Gauntlet (visited)

Altars:
Ashenzari
Hepliaklqana
Nemelex Xobeh
Qazlal
Ru
Sif Muna
Uskayaw
Vehumet
Wu Jian

Shops:
D:6 (   D:8 (


Innate Abilities, Weirdness & Mutations

You have hooves in place of feet.
Armour fits poorly on your strangely shaped body.
You cover ground very quickly.
You have extremely tough skin. (AC +3)


Message History

Unknown command.
Your shield prevents you from hitting the polar bear.
You kick the polar bear, but do no damage.
The polar bear is severely wounded.
The polar bear bites you.
* * * LOW HITPOINT WARNING * * *
You block the polar bear's attack. The polar bear closely misses you.
You hit the polar bear. You kick the polar bear.
The polar bear is severely wounded.
The polar bear bites you but does no damage.
You block the polar bear's attack.
The polar bear claws you but does no damage.
The polar bear barely misses you.
The polar bear claws you but does no damage.
The polar bear claws you!
* * * LOW HITPOINT WARNING * * *
You barely miss the polar bear. You kick the polar bear.
The polar bear is almost dead.
The polar bear bites you!
You die...

#..# #^......# #. #.## ##.......#
#. #.# ##.....#### ## #.#
#......#### # #.# #...∩.....# #
####.####.......#.# #
########......##......##?# ## #
#........##.#.#..##...##.####. #
#.#####..##..@h........)..))..
####.#####..####.#####.#.##.###..
..##.##.....####.# #......# #..
#.##.##.##.......# ###.#### #..
#)##........###### #...# #..
........###.....# #...# #..
#.#############.# #...# #..
...........,,,*,* #...# ###
#........#***,*,*******,,,******


You could see a polar bear (berserk).

Vanquished Creatures
  2 two-headed ogres
  Maurice (D:10)
  Maggie (D:8)
  2 centaur simulacra (D:11)
  A hippogriff (D:8)
  12 yaks
  3 hungry ghosts (D:8)
  A water moccasin (D:9)
  Duvessa (D:4)
  4 ice beasts
  3 sky beasts
  2 orc warriors
  A black bear (D:8)
  A necrophage (D:10)
  A phantom (D:4)
  4 ogres
  A wolf (D:9)
  6 centaurs
  2 big kobolds
  6 gnoll sergeants
  7 bullfrogs
  2 wyvern zombies
  A water moccasin zombie (D:7)
  Dowan (D:4)
  4 scorpions
  5 wights
  8 killer bees
  4 howler monkeys
  5 crimson imps
  A quasit (D:10)
  A bullfrog zombie (D:9)
  5 jellies
  5 hounds
  7 orc priests
  A centaur skeleton (D:9)
  2 gnoll shamans
  8 orc wizards
  3 bullfrog skeletons
  3 iguanas
  7 worker ants
  A killer bee zombie (D:6)
  A bullfrog simulacrum (D:11)
  2 hound zombies
  A howler monkey zombie (D:10)
  33 gnolls
  8 adders
  A shadow imp (D:8)
  A white imp (D:11)
  A worker ant simulacrum (D:11)
  3 ufetubi (D:11)
  2 oozes
  An adder zombie (D:9)
  An adder skeleton (D:4)
  6 worms
  3 dart slugs
  9 leopard geckos
  27 orcs
  4 ball pythons
  6 giant cockroaches
  9 goblins
  2 hobgoblins (D:2)
  3 jackals
  5 quokkas
  9 bats
  7 frilled lizards
  A jackal zombie (D:8)
  7 kobolds
  A quokka skeleton (D:5)
  6 rats
296 creatures vanquished.

Vanquished Creatures (others)
  A fire dragon (D:10)
  A death knight (D:11)
  An unseen horror (D:10)
  An ice statue (Gauntlet)
  2 rime drakes (Gauntlet)
  A freezing wraith (D:11)
  A hornet (D:11)
  A ynoxinul (Gauntlet)
  2 killer bees (D:4)
  4 iron imps (Gauntlet)
  33 demonic plants (Gauntlet)
48 creatures vanquished.

Grand Total: 344 creatures vanquished

Notes
Turn   | Place    | Note
-------+----------+-------------------------------------------
     0 | Abyss:1  | Gargoyl the Centaur Abyssal Knight began the quest for the
                  | Orb.
     0 | Abyss:1  | Reached XP level 1. HP: 19/19 MP: 2/2
    82 | Abyss:1  | Noticed a large abomination
    82 | Abyss:1  | Noticed a ynoxinul
   113 | Abyss:1  | Noticed a sky beast
   120 | Abyss:1  | Noticed a deep elf elementalist
   124 | Abyss:1  | Noticed an earth elemental
   156 | D:1      | Escaped the Abyss
   576 | D:1      | Reached XP level 2. HP: 21/26 MP: 3/3
   738 | D:1      | Reached * piety under Lugonu
  1679 | D:2      | Found a shattered altar of Ashenzari.
  1715 | D:2      | Found a faded altar of an unknown god.
  1743 | D:2      | Reached XP level 3. HP: 31/31 MP: 4/4
  1789 | D:2      | Reached skill level 1 in Dodging
  2507 | D:2      | Reached XP level 4. HP: 38/38 MP: 6/6
  2944 | D:3      | Reached ** piety under Lugonu
  3150 | D:3      | Found a hide-covered altar of Uskayaw.
  3159 | D:3      | Found a sparkling altar of Nemelex Xobeh.
  3326 | D:3      | Reached XP level 5. HP: 12/45 MP: 7/7
  3416 | D:4      | Reached skill level 3 in Invocations
  3433 | D:4      | HP: 1/45 [gnoll/+0 halberd (13)]
  3438 | D:4      | HP: 1/45 [gnoll/+0 halberd (1)]
  4086 | D:3      | Reached XP level 6. HP: 47/51 MP: 8/8
  4730 | D:4      | Reached skill level 1 in Maces & Flails
  5022 | D:4      | Reached XP level 7. HP: 44/58 MP: 9/9
  5294 | D:4      | You fall into a shaft and drop 1 floor!
  5294 | D:5      | Entered Level 5 of the Dungeon
  5378 | D:5      | Reached skill level 4 in Invocations
  5521 | D:4      | Reached *** piety under Lugonu
  5859 | D:4      | Reached XP level 8. HP: 28/66 MP: 11/11
  6172 | D:4      | Noticed Duvessa
  6172 | D:4      | Noticed Dowan
  6189 | D:4      | Killed Duvessa
  6196 | D:4      | Killed Dowan
  7057 | D:6      | Reached skill level 5 in Invocations
  7095 | D:6      | Found Jeypocw's Weapon Boutique.
  7253 | D:6      | Reached skill level 5 in Armour
  7334 | D:6      | Bought a +0 broad axe for 40 gold pieces
  7363 | D:6      | Found a stormy altar of Qazlal.
  7681 | D:6      | Found a radiant altar of Vehumet.
  8118 | D:6      | Reached XP level 9. HP: 72/72 MP: 13/13
  8192 | D:6      | Found an ornate altar of the Wu Jian Council.
  8219 | D:6      | Found a staircase to the Ecumenical Temple.
  8694 | D:7      | Found a shimmering blue altar of Sif Muna.
  8694 | D:7      | Found a hazy altar of Hepliaklqana.
  8787 | D:7      | Found a sparkling altar of Nemelex Xobeh.
  9073 | D:7      | Reached skill level 6 in Invocations
  9469 | D:8      | Reached skill level 5 in Maces & Flails
  9736 | D:8      | Reached skill level 5 in Fighting
  9811 | D:8      | Noticed a two-headed ogre
  9832 | D:8      | Killed a two-headed ogre
  9832 | D:8      | Reached skill level 5 in Dodging
 10077 | D:8      | Reached **** piety under Lugonu
 10077 | D:8      | Reached XP level 10. HP: 55/81 MP: 14/14
 10642 | D:8      | Found a sacrificial altar of Ru.
 10948 | D:8      | Noticed Maggie
 10965 | D:8      | Killed Maggie
 11134 | D:8      | Reached skill level 7 in Invocations
 11265 | D:8      | Found Yruottu's Weapon Emporium.
 14360 | D:10     | Entered Level 10 of the Dungeon
 14467 | D:10     | Found a staircase to the Lair.
 14533 | D:10     | Reached XP level 11. HP: 25/89 MP: 16/16
 14886 | D:10     | Reached skill level 1 in Shields
 14887 | D:10     | Reached ***** piety under Lugonu
 14944 | D:10     | Noticed a fire dragon
 15566 | D:10     | Reached skill level 8 in Invocations
 15638 | D:10     | Noticed Maurice
 15652 | D:10     | Killed Maurice
 15780 | D:10     | Banished an unseen horror
 16063 | D:10     | Banished a fire dragon
 16783 | D:11     | Found a staircase to the Orcish Mines.
 16787 | D:11     | Noticed a death knight
 16889 | D:11     | Found a gate leading to a gauntlet.
 16890 | D:11     | Noticed a two-headed ogre
 16894 | Gauntlet | Entered a Gauntlet
 16894 | Gauntlet | Found a transporter.
 16897 | Gauntlet | Found a transporter.
 16908 | Gauntlet | Corrupted Gauntlet
 16908 | Gauntlet | Noticed a shining eye
 16908 | Gauntlet | a glowing shapeshifter changed into a shining eye
 16908 | Gauntlet | Noticed a glowing orange brain
 16908 | Gauntlet | Noticed a large abomination
 16908 | Gauntlet | Noticed a glowing orange brain
 16908 | Gauntlet | Noticed a bone dragon
 16908 | Gauntlet | Noticed a balrug
 16908 | Gauntlet | Noticed a starcursed mass
 16908 | Gauntlet | Noticed a black draconian
 16908 | Gauntlet | Noticed a starcursed mass
 16908 | Gauntlet | Noticed a starcursed mass
 16908 | Gauntlet | Noticed an orc sorcerer
 16910 | Gauntlet | Noticed a revenant
 16911 | Gauntlet | Noticed a large abomination
 16912 | Gauntlet | Noticed a starcursed mass
 16912 | Gauntlet | HP: 2/91 [smoke demon/divine providence[Lugonu's
                  | corruption] (9)]
 16915 | Gauntlet | Found a transporter.
 16929 | Gauntlet | Noticed a spectral anaconda
 16946 | Gauntlet | Found a transporter.
 16964 | Gauntlet | Found a transporter.
 16982 | Gauntlet | Noticed a hell hog
 16987 | Gauntlet | Found a transporter.
 17002 | Gauntlet | Found a transporter.
 17013 | Gauntlet | Noticed a hell hog
 17014 | Gauntlet | Found a transporter.
 17026 | Gauntlet | Found a transporter.
 17026 | Gauntlet | Noticed a catoblepas
 17046 | Gauntlet | Found a transporter.
 17046 | Gauntlet | Found a transporter.
 17069 | Gauntlet | Noticed a green death
 17071 | Gauntlet | Found a transporter.
 17083 | Gauntlet | Found a transporter.
 17083 | Gauntlet | Noticed a death drake
 17101 | Gauntlet | Found a transporter.
 17215 | Gauntlet | Found a transporter.
 17217 | Gauntlet | Found a transporter.
 17218 | Gauntlet | Noticed a death scarab
 17219 | Gauntlet | Found a runed translucent gate.
 17219 | Gauntlet | Found a runed translucent gate.
 17219 | Gauntlet | Found a runed translucent gate.
 17220 | Gauntlet | Found a large runed translucent door.
 17220 | Gauntlet | Found a large runed translucent door.
 17220 | Gauntlet | Found a large runed translucent door.
 17221 | Gauntlet | Found a large runed translucent door.
 17227 | Gauntlet | Found a large runed translucent door.
 17227 | Gauntlet | Found a large runed translucent door.
 17229 | Gauntlet | Found a large runed translucent door.
 17229 | Gauntlet | Found a large runed translucent door.
 17231 | Gauntlet | Found a large runed translucent door.
 17231 | Gauntlet | Found a large runed translucent door.
 17231 | Gauntlet | Found a runed translucent door.
 17268 | Gauntlet | Found a runed translucent door.
 17269 | Gauntlet | Found a transporter.
 17269 | Gauntlet | Found a runed translucent door.
 17269 | Gauntlet | Found a runed translucent door.
 17303 | Gauntlet | Found a transporter.
 17347 | D:11     | Killed a two-headed ogre
 18089 | D:11     | Banished a death knight
 18107 | D:11     | Slain by a polar bear

Levels and vault maps discovered:
D:1:      minmay_arrival_three_doors, layout_basic
D:2:      layout_basic, lemuel_doored_altar,
          chequers_ecumenical_altar_simple_redux
D:3:      layout_loops_ring, chequers_temple_overflow_statue_of_worship
D:4:      layout_basic, first_ration, uniq_duvessa
D:5:      layout_loops_cross
D:6:      layout_basic, nicolae_overflow_crystal_walls, kennysheep_little_box,
          minmay_temple_entry_gardened_gates, basic_altar, serial_shops,
          nicolae_shop_window_shopping
D:7:      layout_basic, gammafunk_temple_overflow_elements, basic_altar
D:8:      layout_layer_cave, serial_shops, shop, blue_anna_alchemist
          [blue_anna_fruit_fields, blue_anna_fruit_fields], lemuel_tele_altar,
          uniq_maggie
D:9:      layout_big_octagon, serial_gnoll_camp, gnoll_camp_mini_house,
          gnoll_camp_mini_house, gnoll_camp_huts_basic,
          gnoll_camp_mini_sergeant, minmay_joined_circles
D:10:     layout_stronghold, minmay_lair_entry_lava, serial_column_ruins,
          column_ruins_hut, column_ruins_hut, column_ruins_open_small,
          column_ruins_open_large, column_ruins_open_large, column_ruins_grid_2,
          column_ruins_open_medium, uniq_maurice
D:11:     layout_loops_cross, david_orc_2, serial_ice, serial_ice_j,
          serial_ice_g, serial_ice_n, serial_ice_m, serial_ice_a, serial_ice_o,
          gauntlet_entry_generic, uniq_fannar

Skill      XL: |  1  2  3  4  5  6  7  8  9 10 11 |
---------------+----------------------------------+-----
Axes           | 2 3 |  3.1
Dodging        | 1 2 3 5 6 7 |  7.0
Armour         | 2 3 4 5 6 |  6.8
Invocations    | 3 4 5 6 7 8 |  8.6
Maces & Flails | 1 3 4 5 7 |  7.9
Fighting       | 4 5 6 |  6.7
Shields        | 2 |  2.1
Throwing       | |  0.5

Action                   |  1- 3 |  4- 6 |  7- 9 | 10-12 || total
-------------------------+-------+-------+-------+-------++-------
Melee: Hand axe          |   120 |    98 |       |       ||   218
       Kick              |    20 |    34 |    89 |   133 ||   276
       Whip              |       |    87 |   355 |   678 ||  1120
       Broad axe         |       |       |     9 |       ||     9
Throw: Boomerang         |       |       |       |     9 ||     9
Invok: Depart the Abyss  |     1 |       |       |       ||     1
       Banish            |       |       |     2 |     8 ||    10
       Bend Space        |       |       |     1 |     1 ||     2
       Corrupt           |       |       |       |     1 ||     1
Evoke: Wand              |       |       |     1 |       ||     1
  Use: Scroll            |     1 |    11 |     2 |     5 ||    19
       Potion            |       |     4 |     3 |     3 ||    10
  Eat: Chunk             |     4 |     3 |     8 |    22 ||    37
       Ration            |       |     1 |     2 |     4 ||     7
Armor: Leather armour    |    19 |       |    91 |   311 ||   421
       Ring mail         |    50 |    57 |    50 |       ||   157
       Skin              |       |    22 |       |    10 ||    32
Dodge: Dodged            |    68 |    75 |   214 |   251 ||   608
Block: Kite shield       |       |       |       |   141 ||   141
       Buckler           |       |       |       |     8 ||     8

Table legend:
 A = Non-vault XP
 B = Vault XP
 C = Vault XP percentage of total XP
 D = Non-vault monster count
 E = Vault monster count
 F = Vault count percentage of total count
                 A         B        C        D         E       F
            +---------+---------+-------+---------+---------+-------
      Total |   13061 |    4226 |  24.4 |     246 |      59 |  19.3
            +---------+---------+-------+---------+---------+-------
        D:1 |      25 |       0 |   0.0 |      15 |       0 |   0.0
        D:2 |      91 |       0 |   0.0 |      26 |       0 |   0.0
        D:3 |     229 |       0 |   0.0 |      27 |       0 |   0.0
        D:4 |     971 |     220 |  18.5 |      30 |       2 |   6.2
        D:5 |     777 |       0 |   0.0 |      14 |       0 |   0.0
        D:6 |     568 |       0 |   0.0 |      15 |       0 |   0.0
        D:7 |     861 |       0 |   0.0 |      17 |       0 |   0.0
        D:8 |    3384 |     619 |  15.5 |      44 |       9 |  17.0
        D:9 |     963 |    1387 |  59.0 |      12 |      33 |  73.3
       D:10 |    3347 |    1003 |  23.1 |      36 |       2 |   5.3
       D:11 |    1845 |     804 |  30.4 |      10 |      11 |  52.4
   Gauntlet |       0 |     193 | 100.0 |       0 |       2 | 100.0
            +---------+---------+-------+---------+---------+-------
